Map: 16-Bit LE

Players

MrWolf - Winner!

  • Race: Zerg Zerg
  • League: Platinum
  • Spawn Location: 1:00

K.I.-1 (Sehr leicht)

  • Race: Protoss Protoss
  • Spawn Location: 7:00

VOD

Have the link to the VOD?

Description

Time

  • Played on: July 9, 2018, 4:29 a.m.
  • Length: 11:42
Show
View Real Time Build Order
Export as new Build Order

MrWolf Zerg - Winner!

Build Orders: Hatch First 

Get SALT Encoding   

  12  0:02  Drone  
  13  0:13  Overlord  
  13  0:22  Drone  
  14  0:33  Drone x2  
  16  0:42  Drone  
  17  0:56  Hatchery  
  16  1:00  Drone  
  16  1:01  Drone  
  18  1:05  Extractor  
  17  1:18  Spawning Pool  
  16  1:32  Drone x3  
  19  1:44  Drone  
  20  1:48  Extractor  
  19  1:54  Drone  
  20  2:08  Lair  
  20  2:13  Drone x2  
  22  2:16  Drone  
  23  2:24  Drone  
  23  2:27  Drone  
  25  2:34  Extractor  
  25  2:35  Drone  
  25  2:36  Queen  
  25  2:38  Drone  
  28  2:48  Extractor, Overlord  
  27  2:57  Drone  
  28  3:14  Hydralisk Den  
  28  3:15  Drone x2  
  28  3:16  Drone x3  
  32  3:23  Queen  
  32  3:25  Drone  
  35  3:42  Drone  
  36  3:49  Lurker Den  
  35  3:59  Infestation Pit  
  34  4:07  Nydus Network  
  33  4:19  Grooved Spines  
  33  4:29  Metabolic Boost  
  33  4:37  Evolution Chamber  
  32  4:42  Roach Warren  
  31  4:54  Nydus Canal  
  31  5:02  Drone x5  
  31  5:04  Overlord x2  
  36  5:23  Hive  
  36  5:26  Burrow  
  36  5:30  Muscular Augments  
  36  5:41  Swarm Host x2  
  36  5:42  Swarm Host  
  45  5:49  Spire  
  44  5:56  Drone x5  
  49  6:01  Overlord  
  50  6:04  Zergling x2  
  50  6:09  Roach  
  52  6:14  Overlord  
  52  6:20  Zerg Melee Weapons Level 1  
  52  6:37  Pneumatized Carapace  
  52  6:44  Adaptive Talons  
  52  6:49  Glial Reconstitution  
  52  7:01  Corruptor, Mutalisk  
  52  7:02  Infestor  
  58  7:26  Hatchery  
  58  7:27  Extractor  
  58  7:28  Extractor  
  55  7:34  Overseer  
  55  8:07  Tunneling Claws  
  55  8:10  Pathogen Glands  
  55  8:13  Greater Spire  
  55  8:14  Zerg Missile Weapons Level 1  
  55  8:19  Adrenal Glands  
  55  8:32  Ultralisk Cavern  
  54  9:07  Neural Parasite  
  54  9:20  Chitinous Plating  
  54  9:28  Zerg Flyer Weapons Level 1  
  54  9:42  Hydralisk x3  
  60  9:47  Zergling x14  
  60  9:48  Zergling x14  
  74  10:25  Overlord x10  
  74  10:26  Overlord  
Show
View Real Time Build Order
Export as new Build Order

K.I.-1 (Sehr leicht) Protoss 

Build Orders:  

Get SALT Encoding   

  12  0:00  Probe  
  13  0:13  Probe  
  14  0:20  Pylon  
  14  0:37  Assimilator  
  14  0:42  Gateway  
  14  0:45  Pylon  
  14  1:16  Assimilator  
  14  1:18  Probe  
  15  1:26  Probe  
  16  1:33  Cybernetics Core  
  16  1:34  Probe  
  17  1:44  Probe  
  18  1:55  Probe  
  18  2:00  Warp Gate  
  19  2:03  Probe  
  20  2:11  Stalker  
  22  5:43  Zealot  
  22  5:45  Pylon, Probe  
  22  5:47  Robotics Facility  
  25  5:53  Probe  
  25  6:01  Probe  
  26  6:09  Probe  
  27  6:17  Probe  
  28  6:19  Pylon  
  29  6:27  Probe  
  30  6:35  Observer, Zealot  
  31  6:55  Observer  
  32  7:18  Nexus  
  32  7:27  Stalker  
  28  8:19  Stalker  
  30  8:30  Probe  
  31  8:37  Probe  
  31  8:39  Assimilator  
  32  8:41  Assimilator  
  32  8:44  Probe  
  33  8:51  Probe  
  32  8:58  Probe  
  33  9:06  Probe  
  34  9:12  Zealot  
  34  9:13  Probe  
  37  9:20  Probe  
  38  9:25  Probe  
  39  9:34  Probe  
  39  9:37  Probe  
  41  9:49  Probe  
  42  9:56  Probe  
  42  9:59  Pylon  
  43  10:03  Probe  
  43  10:04  Stalker  
  46  10:56  Stalker  
  38  11:06  Pylon, Probe  
  27  11:13  Probe  
  28  11:25  Probe  
Tags
 
League
Platinum
Matchup
PvZ
Spawn Locations
Cross Positions
Add a new tag
Caveats
  • Supply blocks, unpowered buildings, or Contaminate may cause inaccurate times.
  • Supply counts are checked every 10 seconds.